 Dungeon Crawl Stone Soup version 0.19.4-8-ga85b6b9 (webtiles) character file.

1353 doot the Spear-Bearer (level 8, -8/60 HPs)
             Began as a Merfolk Gladiator on Feb 11, 2017.
             Was an Initiate of the Shining One.
             Killed by divine providence
             ... invoked by an orc priest
              (14 damage)
             ... on level 5 of the Dungeon.
             The game lasted 00:15:21 (5913 turns).

doot the Spear-Bearer (Merfolk Gladiator)           Turns: 5913, Time: 00:15:22

Health: -8/60      AC:  5    Str: 15 (17) XL:     8   Next: 63%
Magic:  8/8        EV: 22    Int:  4 (7)  God:    the Shining One [......]
Gold:   234        SH:  0    Dex: 18 (20) Spells: 0 memorised, 7 levels left

rFire  . . .     SeeInvis .     a - +1 trident
rCold  + . .     Gourm    .     b - +0 leather armour
rNeg   . . .     Faith    .     (no shield)
rPois  .         Spirit   .     c - +0 helmet
rElec  .         Reflect  .     q - +0 cloak
rCorr  .         Harm     .     (no gloves)
MR     .....                    (no boots)
Stlth  +.........               (no amulet)
                                d - ring of protection from cold
                                v - ring of loudness (curse)

@: agile, lethally poisoned (-8 -> -14), flying, glowing
A: change form in water, swift swim, stealthy swim
a: Renounce Religion


You were on level 5 of the Dungeon.
You worshipped the Shining One.
The Shining One was noncommittal.
You were near starving.

You visited 2 branches of the dungeon, and saw 6 of its levels.

You collected 258 gold pieces.
You donated 24 gold pieces to Zin.

Inventory:

Hand Weapons
 a - a +1 trident (weapon)
Missiles
 j - 3 throwing nets (quivered)
Armour
 b - a +0 leather armour (worn)
 c - a +0 helmet (worn)
 q - a +0 cloak (worn)
Jewellery
 d - a ring of protection from cold (right hand)
 v - a cursed ring of loudness (left hand)
Wands
 o - a wand of polymorph (9/24)
Scrolls
 e - 9 scrolls of identify
 i - a scroll of random uselessness
 k - a scroll of remove curse {unknown}
 l - a scroll of enchant weapon
 r - a scroll of teleportation {unknown}
 s - a scroll of amnesia {unknown}
 t - 2 scrolls of enchant armour {unknown}
Potions
 h - a potion of agility
 p - a potion of degeneration
Books
 u - a book of Cantrips

   Spells                             Type                      Level
   a - Confusing Touch                Hexes                        1
   b - Animate Skeleton               Necromancy                   1
   c - Summon Small Mammal            Summoning                    1
   d - Apportation                    Translocation                1
 w - Sif Muna's Compendium of Moulding
   (You found it on level 4 of the Dungeon)

   Spells                             Type                      Level
   a - Beastly Appendage              Transmutation                1
Comestibles
 f - 5 bread rations
 n - 2 meat rations


   Skills:
 + Level 4.1 Fighting
 * Level 10.8 Polearms
 + Level 2.4 Throwing
 + Level 2.5 Armour
 * Level 7.2 Dodging
 + Level 3.1 Stealth


You had 7 spell levels left.
You didn't know any spells.

Dungeon Overview and Level Annotations

Branches:
Dungeon (5/15)             Temple (1/1) D:5

Altars:
Ashenzari
Cheibriados
Dithmenos
Elyvilon
Fedhas
Gozag
Hepliaklqana
Makhleb
Nemelex Xobeh
Okawaru
Qazlal
Ru
Sif Muna
Trog
Uskayaw
Xom
Yredelemnul
Zin
The Shining One


Message History

The scorpion poisons you!
It was a potion of degeneration.
There was something very wrong with that liquid.
You feel weakened.
You feel dopey.
You feel clumsy.
You feel sick. The centaur hits you.
* * * LOW HITPOINT WARNING * * *
The scorpion barely misses you. The centaur misses you.
It was a potion of flight.
You feel very buoyant.
You fly up into the air.
You feel sick.
The orc priest shouts!
The centaur hits you.
* * * LOW HITPOINT WARNING * * *
The scorpion misses you.
You feel agile all of a sudden.
You feel sick. The centaur hits you.
* * * LOW HITPOINT WARNING * * *
The orc priest mumbles some strange prayers to Beogh against you.
Beogh smites you!
You die...

.###....## #..... .. ..........
#.....####.# #..........
...........# .#........
#.......... _.........
##......... #....... ............
#.....## .....###.c.######.
#....... ....o....s@.......
#......# . .................
#.#..... #'##......(........
#.....#. ..
.........(........##....... #...
#......(................. +...
#.#.......!.............. #...##
#........(.......#.....
####...##+#.#....######)...#.....
............####.............#...


You could see a centaur, a scorpion and an orc priest.

Vanquished Creatures
  Pikel (D:4)
  A water moccasin (D:5)
  An ice beast (D:5)
  A slave (D:3)
  The ghost of Exporg the Firebug, an amateur HOFE (D:4)
  A gnoll sergeant (D:5)
  A crimson imp (D:5)
  A jelly (D:4)
  A hound (D:4)
  An orc priest (D:4)
  Crazy Yiuf (D:2)
  A centaur skeleton (D:4)
  2 orc wizards (D:4)
  Ijyb (D:3)
  A worker ant (D:4)
  Natasha (twice) (D:2)
  Robin (D:2)
  6 gnolls
  7 adders
  2 worms (D:2)
  3 dart slugs
  5 leopard geckos
  5 orcs
  5 giant cockroaches
  13 goblins
  11 hobgoblins
  4 jackals (D:4)
  10 kobolds
  A quokka (D:3)
  10 bats
  4 frilled lizards
  A leopard gecko skeleton (D:4)
  9 rats
115 creatures vanquished.

Vanquished Creatures (others)
  A hound (D:4)
  An orc priest (D:4)
  A worker ant (D:4)
  An adder (D:4)
  An orc (D:4)
  2 jackals (D:4)
  A jackal skeleton (D:4)
8 creatures vanquished.

Grand Total: 123 creatures vanquished

Notes
Turn   | Place    | Note
-------+----------+-------------------------------------------
     0 | D:1      | doot the Merfolk Gladiator began the quest for the Orb.
     0 | D:1      | Reached XP level 1. HP: 16/16 MP: 1/1
   324 | D:1      | Reached XP level 2. HP: 18/22 MP: 2/2
   333 | D:1      | Reached skill level 5 in Polearms
   652 | D:1      | Reached XP level 3. HP: 27/27 MP: 3/3
  1235 | D:2      | Reached XP level 4. HP: 28/33 MP: 4/4
  1265 | D:2      | Reached skill level 6 in Polearms
  1362 | D:2      | Noticed Natasha
  1376 | D:2      | Killed Natasha
  1432 | D:2      | Noticed Robin
  1472 | D:2      | Reached XP level 5. HP: 32/39 MP: 5/5
  1489 | D:2      | Noticed Natasha
  1493 | D:2      | Found a white marble altar of Elyvilon.
  1725 | D:2      | Killed Robin
  1725 | D:2      | Reached skill level 7 in Polearms
  1725 | D:2      | Reached skill level 5 in Dodging
  1988 | D:2      | Found a runed door.
  2047 | D:2      | Noticed Crazy Yiuf
  2051 | D:2      | Killed Crazy Yiuf
  2051 | D:2      | Reached skill level 1 in Armour
  2098 | D:2      | Killed Natasha
  2315 | D:3      | Noticed Ijyb
  2323 | D:3      | Killed Ijyb
  2323 | D:3      | Reached skill level 1 in Stealth
  2323 | D:3      | Reached XP level 6. HP: 46/46 MP: 6/6
  2760 | D:3      | Reached skill level 8 in Polearms
  3159 | D:4      | Noticed a slave
  3160 | D:4      | Noticed a slave
  3161 | D:4      | Noticed Pikel
  3177 | D:3      | Killed a slave
  3380 | D:4      | Noticed a slave
  3562 | D:4      | Found a deep blue altar of Sif Muna.
  3811 | D:4      | Noticed Exporg's ghost (amateur HOFE)
  3824 | D:4      | Killed Exporg's ghost
  3845 | D:4      | Killed Pikel
  3845 | D:4      | Reached skill level 9 in Polearms
  3845 | D:4      | Reached XP level 7. HP: 28/52 MP: 7/7
  3845 | D:4      | Reached XP level 8. HP: 31/58 MP: 8/8
  4285 | D:4      | Reached skill level 10 in Polearms
  4501 | D:4      | Identified Sif Muna's Compendium of Moulding
  4688 | D:5      | Entered Level 5 of the Dungeon
  5662 | D:5      | Found a glowing silver altar of Zin.
  5668 | D:5      | Became a worshipper of Zin the Law-Giver
  5668 | D:5      | Reached * piety under Zin
  5685 | D:5      | Found a staircase to the Ecumenical Temple.
  5694 | Temple   | Entered the Ecumenical Temple
  5725 | Temple   | Fell from the grace of Zin
  5725 | Temple   | Became a worshipper of the Shining One
  5766 | D:5      | Found an iron altar of Okawaru.
  5913 | D:5      | Killed from afar by an orc priest

Skill      XL: |  1  2  3  4  5  6  7  8 |
---------------+-------------------------+-----
Polearms       | 5 6 7 9 10 | 10.8
Dodging        | 5 6 7 |  7.2
Armour         | 1 2 |  2.5
Stealth        | 1 2 3 |  3.1
Fighting       | 3 4 |  4.1
Throwing       | |  2.4

Action                   |  1- 3 |  4- 6 |  7- 9 || total
-------------------------+-------+-------+-------++-------
Melee: Trident           |   100 |   255 |   127 ||   482
       Tailslap          |       |       |     3 ||     3
Throw: Throwing net      |       |     3 |       ||     3
  Use: Potion            |       |     5 |     3 ||     8
       Scroll            |       |     4 |       ||     4
 Stab: Sleeping          |     3 |     2 |       ||     5
       Distracted        |       |       |     1 ||     1
  Eat: Chunk             |     1 |     7 |     5 ||    13
       Beef jerky        |       |       |     1 ||     1
Armor: Leather armour    |    13 |    43 |    17 ||    73
Dodge: Dodged            |    60 |   145 |    87 ||   292
